AoeStats
← Marcus Aurelius

Glade

510642091Analyzed
1v1 RM · 18h ago on Oct 1, 2026· 31m 37s· 2 players
Game mode
Random Map
Map size
Tiny (2 player)
Population
200
Speed
Normal
Resources
Standard
Victory
Conquest
Starting age
Dark Age
Ending age
Imperial Age
RankedLock teamsTeams togetherTeam positionsShared explorationLock speedFull tech treeHidden civsTurbo modeCheats
Victory
Defeat
🇺🇸 Romans · United States
1393
+17
🇺🇸 Shu · United States
1412
-17
Marcus Aurelius
10:59 Feudal Age
11:10 Man-at-Arms
13:00 Scale Mail Armor
14:06 Double-Bit Axe
18:31 Loom
23:06 Castle Age
22:14 Padded Archer Armor
23:24 Elite Skirmisher
24:25 Fletching
25:24 Leather Archer Armor
26:44 Long Swordsman
random_aoe_user
6:33 Loom
9:32 Feudal Age
9:52 Loom
9:57 Man-at-Arms
10:51 Town Watch
12:03 Arson
14:26 Fletching
15:27 Padded Archer Armor
16:18 Double-Bit Axe
18:33 Horse Collar
22:27 Castle Age
22:28 Gold Mining
22:46 Horse Collar
22:33 Crossbowman
23:13 Bodkin Arrow
23:55 Bow Saw
23:33 Crossbowman
33:36 Imperial Age
Connection lost

Rejoining the realm…

Still unreachable

The connection could not be restored.

Session expired

The server has moved on; the page needs a fresh start.